 Dungeon Crawl Stone Soup version 0.31-a0-236-g9a0961fb85 (webtiles) character file.

Game seed: 3229322239473153255

3427 qw the Skirmisher (level 10, -6/64 HPs)
             Began as a Gargoyle Hexslinger on July 10, 2023.
             Was an Initiate of Okawaru.
             Mangled by a troll (shapeshifter) (12 damage)
             ... on level 7 of the Dungeon.
             The game lasted 00:03:11 (6011 turns).

qw the Skirmisher (Gargoyle Hexslinger)             Turns: 6011, Time: 00:03:11

Health: -6/64      AC: 20    Str: 11    XL:     10   Next: 5%
Magic:  11/11      EV: 11    Int: 15    God:    Okawaru [......]
Gold:   461        SH:  0    Dex: 16    Spells: 10/11 levels left

rFire   . . .        Y - +1 orcbow
rCold   + + .        (shield currently unavailable)
rNeg    + . .        f - +1 ring mail {rC+}
rPois   inf          g - +0 helmet
rElec   +            (no cloak)
rCorr   .            n - +0 pair of gloves
SInv    .            (no boots)
Will    .....        j - amulet of regeneration
Stlth   +            e - +4 ring of protection
HPRegen 1.10/turn    (no ring)
MPRegen 0.12/turn

%: no passive effects
@: no status effects
A: sickness immunity, AC +7, negative energy resistance 1, electricity
resistance, torment resistance 1, petrification resistance, cold resistance 1,
subdued magic 1
a: Renounce Religion


You were on level 7 of the Dungeon.
You worshipped Okawaru.
Okawaru was noncommittal.
You visited 2 branches of the dungeon, and saw 8 of its levels.
You also visited: Sewer.

You collected 461 gold pieces.


Innate Abilities, Weirdness & Mutations

You are immune to sickness and miasma.
Your stone body is resilient. (AC +7)
You are immune to poison.
You resist negative energy. (rN+)
You are resistant to electric shocks. (rElec)
You are resistant to unholy torment.
You are immune to petrification.
Your flesh is cold resistant. (rC+)
Your spells are a little easier to cast, but a little less powerful.


   Skills:
 - Level 8.1 Fighting
 + Level 11.2 Ranged Weapons
 - Level 3.1 Armour
 - Level 3.1 Dodging
 - Level 1.0 Spellcasting
 - Level 2.6 Hexes


You had 10 spell levels left.
You knew the following spells:

 Your Spells              Type           Power      Damage    Failure   Level
a - Slow                  Hex            24%        N/A       16%         1

Your spell library contained the following spells:

 Spells                   Type           Power      Damage    Failure   Level
 Inner Flame              Hex/Fire       3%         N/A       63%         3
 Portal Projectile        Hex/Tloc       6%         N/A       63%         3
 Cause Fear               Hex            3%         N/A       86%         4

Inventory:

Hand Weapons
 Y - a +1 orcbow (weapon)
Armour
 d - a +2 robe of willpower
 f - a +1 ring mail of cold resistance (worn)
 g - a +0 helmet (worn)
 n - a +0 pair of gloves (worn)
Jewellery
 e - a +4 ring of protection (left hand)
 j - an amulet of regeneration (around neck)
Scrolls
 k - 3 scrolls of identify
Potions
 b - 3 potions of might
 c - a potion of enlightenment
 i - 2 potions of curing
 m - a potion of haste

Dungeon Overview and Level Annotations

Branches:
Dungeon (7/15)             Temple (1/1) D:7           Sewer (visited)

Altars:
Ashenzari
Cheibriados
Dithmenos
Elyvilon
Fedhas
Gozag
Hepliaklqana
Kikubaaqudgha
Makhleb
Nemelex Xobeh
Okawaru
Qazlal
Sif Muna
Trog
Uskayaw
Wu Jian
Xom
Yredelemnul
Zin
The Shining One

Shops:
D:4 :


Message History

The arrow hits the polar bear but does no damage.
The polar bear is heavily wounded.
The polar bear barely misses you.
The polar bear claws you but does no damage. x2
You shoot an arrow. The arrow hits the polar bear.
The polar bear is heavily wounded.
The polar bear bites you!
The polar bear claws you but does no damage.
The polar bear claws you.
You shoot an arrow.
The arrow hits the polar bear but does no damage.
The polar bear is heavily wounded.
The polar bear barely misses you.
The polar bear claws you but does no damage. x2
You shoot an arrow.
The arrow hits the polar bear but does no damage.
The polar bear is heavily wounded.
The polar bear bites you but does no damage.
The polar bear claws you but does no damage.
The polar bear barely misses you.
You shoot an arrow. The arrow barely misses the polar bear.
The polar bear bites you! The polar bear claws you.
The polar bear closely misses you.
You shoot an arrow. The arrow barely misses the polar bear.
The polar bear bites you but does no damage.
The polar bear claws you but does no damage.
The polar bear completely misses you.
You shoot an arrow. The arrow hits the polar bear.
The polar bear is severely wounded.
The polar bear changes into a troll!
You shoot an arrow. The arrow hits the troll.
The troll is heavily wounded.
You shoot an arrow. The arrow hits the troll.
The troll is heavily wounded.
The troll bites you but does no damage. The troll claws you!
The troll claws you.
You shoot an arrow. The arrow hits the troll!
The troll is almost dead.
The troll bites you!
You die...

###############
#.............#
#.....#######.#####
#.....# ...##.....#
#.....#.....###.#.#
#### +..8.@T.....#
#.#.#### #..#
#.....#.....#
#.#....# #..#
#.....##...##
#.####.#
###..#########+###
#### #.#.....
#.'......'.#
..#.#)#.
#.#......### #
(.....#.
#.#......### #. #.
##...#..
....###....#
#.##.###......
#..........#
#.............


You could see a troll shaped shifter.

Vanquished Creatures
  Sigmund (D:4)
  A wyvern (D:7)
  A steam dragon (D:7)
  A water moccasin (D:7)
  Duvessa (D:5)
  A sky beast (D:7)
  3 ice beasts
  3 black bears
  2 ogres
  A centaur (D:5)
  2 phantoms
  5 bullfrogs
  3 scorpions
  A wight (D:7)
  Dowan (D:5)
  5 hounds
  7 jellies
  A gnoll bouda (D:6)
  6 orc priests
  A sleepcap (D:7)
  6 iguanas
  4 orc wizards
  7 adders
  8 gnolls
  A shadow imp (D:7)
  A white imp (D:7)
  4 worms
  2 dart slugs
  21 orcs
  13 ball pythons
  16 endoplasms
  6 giant cockroaches
  8 goblins
  5 hobgoblins
  2 jackals (D:5)
  4 kobolds
  11 quokkas
  4 bats
  4 frilled lizards
  6 rats
180 creatures vanquished.

Notes
Turn   | Place    | Note
-------+----------+-------------------------------------------
     0 | D:1      | qw the Gargoyle Hexslinger began the quest for the Orb.
     0 | D:1      | Reached XP level 1. HP: 12/12 MP: 2/2
     0 | D:1      | 0 ||| qw: Version: 0.3-a-52-g30416fa
     0 | D:1      | 0 ||| qw: Game counter: 4594
     0 | D:1      | 0 ||| qw: Melee chars always use a shield: true
     0 | D:1      | 0 ||| qw: God list: Okawaru
     0 | D:1      | 0 ||| qw: Allow faded altars: false
     0 | D:1      | 0 ||| qw: Do Orc after clearing Dungeon:15 true
     0 | D:1      | 0 ||| qw: Do second Lair branch before Depths: true
     0 | D:1      | 0 ||| qw: Lair rune preference: random
     0 | D:1      | 0 ||| qw: Goals: Normal
     0 | D:1      | 0 ||| PLANNING D:1-11
   221 | D:1      | Reached XP level 2. HP: 16/16 MP: 3/3
   323 | D:1      | Reached skill level 3 in Ranged Weapons
   774 | D:1      | 774 ||| UPGRADING to +4 ring of protection.
   775 | D:1      | 775 ||| READING scroll labelled BATSEIMAMO.
   776 | D:1      | 776 ||| READING scroll labelled HOUL MUSOF.
   777 | D:1      | 777 ||| DRINKING 2 bubbling blue potions.
   778 | D:1      | 778 ||| DROPPING scroll of poison.
   779 | D:1      | 779 ||| DROPPING potion of degeneration.
   914 | D:2      | Reached XP level 3. HP: 21/21 MP: 4/4
  1304 | D:2      | 1304 ||| UPGRADING to +0 ring mail.
  1314 | D:2      | 1314 ||| DROPPING +0 robe.
  1315 | D:2      | 1315 ||| UPGRADING to amulet of regeneration.
  1320 | D:2      | 1320 ||| READING scroll labelled YMNEOSS JASOK.
  1321 | D:2      | 1321 ||| READING 3 scrolls of identify.
  1321 | D:2      | 1321 ||| IDENTIFYING yellow potion
  1322 | D:2      | 1322 ||| READING 2 scrolls of identify.
  1322 | D:2      | 1322 ||| IDENTIFYING fuming black potion
  1323 | D:2      | 1323 ||| DROPPING potion of lignification.
  1387 | D:3      | You fall into a shaft and drop 2 floors!
  1387 | D:5      | Entered Level 5 of the Dungeon
  1395 | D:5      | 1395 ||| PLANNING SEWER
  1400 | D:5      | Reached XP level 4. HP: 24/26 MP: 5/5
  1403 | D:5      | Reached skill level 4 in Ranged Weapons
  1427 | D:5      | Found a shimmering blue altar of Sif Muna.
  1455 | D:5      | Reached skill level 1 in Armour
  1455 | D:5      | Reached XP level 5. HP: 23/30 MP: 6/6
  1513 | D:5      | Noticed a phantom
  1522 | D:5      | Killed a phantom
  1523 | D:5      | Reached skill level 5 in Ranged Weapons
  1532 | D:5      | Reached skill level 3 in Fighting
  1532 | D:5      | Reached XP level 6. HP: 37/37 MP: 7/7
  1658 | D:5      | Reached skill level 6 in Ranged Weapons
  1691 | D:5      | 1691 ||| SWAPPING to +0 orcbow.
  1692 | D:5      | 1692 ||| DROPPING +2 sling.
  1707 | D:5      | Found a sand-covered staircase.
  1751 | D:5      | Noticed a black bear
  1763 | D:5      | Killed a black bear
  1764 | D:5      | Reached XP level 7. HP: 30/43 MP: 8/8
  1844 | D:5      | Reached skill level 7 in Ranged Weapons
  1910 | D:5      | Found a glowing drain.
  1911 | D:5      | 1911 ||| READING scroll labelled BOFRUI XIYSUL.
  1915 | D:5      | 1915 ||| READING scroll labelled QAIKEC OFIXAB.
  1916 | D:5      | 1916 ||| DRINKING 2 puce potions.
  1916 | D:5      | Gained mutation: You have a pair of small horns on your
                  | head. [potion of mutation]
  1916 | D:5      | Gained mutation: Potions are less effective at restoring
                  | your health. [potion of mutation]
  1917 | D:5      | 1917 ||| DRINKING potion of mutation.
  1917 | D:5      | Lost mutation: You have a pair of small horns on your head.
                  | [potion of mutation]
  1917 | D:5      | Lost mutation: Potions are less effective at restoring your
                  | health. [potion of mutation]
  1917 | D:5      | Gained mutation: Your spells are a little easier to cast,
                  | but a little less powerful. [potion of mutation]
  1917 | D:5      | Gained mutation: Your flesh is cold resistant. (rC+)
                  | [potion of mutation]
  1918 | D:5      | 1918 ||| DRINKING 2 murky puce potions.
  1919 | D:5      | 1919 ||| READING 3 scrolls of identify.
  1919 | D:5      | 1919 ||| IDENTIFYING smoky dark potion
  1920 | D:5      | 1920 ||| DROPPING potion of brilliance.
  1922 | D:5      | 1922 ||| Stepping ~*~*~tactically~*~*~ (water).
  1930 | Sewer    | Entered a sewer
  1963 | Sewer    | 1963 ||| Stepping ~*~*~tactically~*~*~ (water).
  1997 | Sewer    | 1997 ||| Stepping ~*~*~tactically~*~*~ (water).
  2015 | Sewer    | 2015 ||| Stepping ~*~*~tactically~*~*~ (water).
  2084 | Sewer    | 2084 ||| Stepping ~*~*~tactically~*~*~ (water).
  2095 | Sewer    | 2095 ||| Stepping ~*~*~tactically~*~*~ (water).
  2097 | Sewer    | 2097 ||| Stepping ~*~*~tactically~*~*~ (water).
  2109 | Sewer    | Reached XP level 8. HP: 48/48 MP: 9/9
  2116 | Sewer    | Found a viscous altar of Jiyva.
  2124 | Sewer    | 2124 ||| READING scroll of enchant weapon.
  2124 | Sewer    | 2124 ||| ENCHANTING +0 orcbow.
  2158 | Sewer    | Reached skill level 8 in Ranged Weapons
  2168 | Sewer    | 2168 ||| DRINKING 4 fuming amethyst potions.
  2169 | Sewer    | 2169 ||| READING 2 scrolls of identify.
  2169 | Sewer    | 2169 ||| IDENTIFYING bubbling orange potion
  2170 | Sewer    | 2170 ||| DROPPING potion of magic.
  2190 | Sewer    | 2190 ||| RIP OSSUARY
  2191 | D:5      | 2191 ||| RIP OSSUARY
  2192 | D:5      | 2192 ||| PLANNING D:1-11
  2357 | D:3      | Found a glowing golden altar of the Shining One.
  2460 | D:3      | 2460 ||| Stepping ~*~*~tactically~*~*~ (outnumbered).
  2991 | D:3      | 2991 ||| READING scroll labelled GOFIRE NYBO.
  3020 | D:4      | Found Dolyschu's Book Emporium.
  3511 | D:4      | Noticed Sigmund
  3538 | D:4      | Killed Sigmund
  3964 | D:5      | 3964 ||| STAIRDANCE
  3968 | D:4      | Reached skill level 9 in Ranged Weapons
  4093 | D:5      | Noticed Duvessa
  4093 | D:5      | Noticed Dowan
  4113 | D:5      | Killed Duvessa
  4123 | D:5      | Killed Dowan
  4279 | D:5      | 4279 ||| UPGRADING to +2 robe of willpower.
  4289 | D:5      | 4289 ||| DROPPING +0 ring mail.
  4369 | D:6      | Reached skill level 6 in Fighting
  4381 | D:6      | Reached XP level 9. HP: 55/55 MP: 10/10
  4556 | D:6      | 4556 ||| FLEEEEING.
  4567 | D:6      | 4567 ||| FLEEEEING.
  4831 | D:6      | Reached skill level 10 in Ranged Weapons
  4954 | D:6      | Reached skill level 3 in Dodging
  5101 | D:6      | 5101 ||| UPGRADING to +1 ring mail of cold resistance.
  5111 | D:6      | 5111 ||| UPGRADING to +0 helmet.
  5116 | D:6      | 5116 ||| READING 2 scrolls of identify.
  5116 | D:6      | 5116 ||| IDENTIFYING bubbling yellow potion
  5284 | D:7      | 5284 ||| Stepping ~*~*~tactically~*~*~ (water).
  5351 | D:7      | 5351 ||| Stepping ~*~*~tactically~*~*~ (cloud).
  5408 | D:7      | Reached skill level 11 in Ranged Weapons
  5413 | D:7      | HP: 1/57 [ogre/+0 giant spiked club (20)]
  5414 | D:7      | 5414 ||| READING scroll of teleportation.
  5415 | D:7      | 5415 ||| DRINKING 3 potions of heal wounds.
  5416 | D:7      | 5416 ||| DRINKING 2 potions of heal wounds.
  5495 | D:7      | Reached skill level 3 in Armour
  5677 | D:7      | Reached XP level 10. HP: 64/64 MP: 11/11
  5817 | D:7      | Found a staircase to the Ecumenical Temple.
  5818 | D:7      | 5818 ||| PLANNING TEMPLE
  5818 | D:7      | 5818 ||| UPGRADING to +0 pair of gloves.
  5823 | D:7      | 5823 ||| READING 4 scrolls of identify.
  5823 | D:7      | 5823 ||| IDENTIFYING murky white potion
  5824 | D:7      | 5824 ||| DROPPING potion of invisibility.
  5834 | Temple   | Entered the Ecumenical Temple
  5889 | Temple   | 5889 ||| PLANNING OKAWARU WORSHIP
  5902 | Temple   | Became a worshipper of Warmaster Okawaru
  5903 | Temple   | 5903 ||| PLANNING D:1-11
  5974 | D:7      | Noticed an entropy weaver
  5992 | D:7      | an entropy weaver changed into a polar bear
  5996 | D:7      | HP: 15/64 [polar bear (shapeshifter) (7)]
  5997 | D:7      | 5997 ||| DRINKING potion of heal wounds.
  6006 | D:7      | HP: 14/64 [polar bear (shapeshifter) (14)]
  6010 | D:7      | HP: 4/64 [troll (shapeshifter) (3)]
  6011 | D:7      | Mangled by a troll (shapeshifter)

Levels and vault maps discovered:
D:1:      lightli_arrival_windingriver, layout_basic
D:2:      layout_basic, hex_large, amcnicky_mini_rare_corridor_liquid
D:3:      layout_basic, mainiacjoe_overflow_six_doors_small
D:4:      layout_basic, serial_shops, nicolae_shop_back_alley_shop,
          grunt_decor_resistance, st_stairs_4, minmay_bisected, uniq_sigmund
D:5:      cheibrodos_helix_gallery, layout_gridville, lemuel_round_altar,
          nicolae_ossuary_entry_plus, portal_sewer_entry_f, minmay_statues_item,
          uniq_duvessa
D:6:      layout_basic
D:7:      kennysheep_spiral_hall, layout_basic,
          minmay_temple_entry_statues_fountains, grunt_ministairs_6,
          moated_statue, grunt_decor_fettered, serial_park_tiny_2,
          nrook_mini_vaults, chequers_serial_rivers_room_b, minmay_three_doors
Temple:   dpeg_three_leaves_temple

Skill      XL: |  1  2  3  4  5  6  7  8  9 |
---------------+----------------------------+-----
Ranged Weapons | 3 4 5 6 7 9 11 | 11.2
Fighting       | 2 3 4 6 8 |  8.1
Armour         | 1 2 3 |  3.1
Dodging        | 2 3 |  3.1
Spellcasting   | |  1.0
Hexes          | |  2.6

Action                     |  1- 3 |  4- 6 |  7- 9 | 10-12 || total
---------------------------+-------+-------+-------+-------++-------
   Fire: Sling             |   118 |    75 |       |       ||   193
         Orcbow            |       |    15 |   558 |    52 ||   625
    Use: Scroll            |     5 |       |     8 |     1 ||    14
         Potion            |     1 |       |     6 |     1 ||     8
 Armour: Robe              |    15 |       |    32 |       ||    47
         Ring mail         |     3 |    41 |   185 |    48 ||   277
  Dodge: Dodged            |    39 |    45 |   202 |    50 ||   336

Table legend:
 A = Non-vault XP
 B = Vault XP
 C = Vault XP percentage of total XP
 D = Non-vault monster count
 E = Vault monster count
 F = Vault count percentage of total count
                 A         B        C        D         E       F
            +---------+---------+-------+---------+---------+-------
      Total |    3538 |    1358 |  27.7 |     135 |      45 |  25.0
            +---------+---------+-------+---------+---------+-------
        D:1 |      30 |       0 |   0.0 |      15 |       0 |   0.0
        D:2 |      40 |       0 |   0.0 |      17 |       0 |   0.0
        D:3 |      77 |       0 |   0.0 |      18 |       0 |   0.0
        D:4 |     245 |     287 |  53.9 |      19 |       6 |  24.0
        D:5 |     804 |     391 |  32.7 |      30 |       7 |  18.9
        D:6 |     959 |       0 |   0.0 |      16 |       0 |   0.0
        D:7 |    1383 |     448 |  24.5 |      20 |       6 |  23.1
      Sewer |       0 |     232 | 100.0 |       0 |      26 | 100.0
            +---------+---------+-------+---------+---------+-------
